AoeStats
← fares_x86

Fortress

509327892Analyzed
2v2 RM · 6d ago on Sep 26, 2026· 58m 28s· 4 players
Game mode
Random Map
Map size
Normal (6 player)
Population
200
Speed
Normal
Resources
Standard
Victory
Conquest
Starting age
Dark Age
Ending age
Imperial Age
RankedLock teamsTeams togetherTeam positionsShared explorationLock speedFull tech treeHidden civsTurbo modeCheats
Victory
Defeat
🇵🇸 Turks · Palestinian Territories
945
+16
🇹🇷 Vietnamese · Türkiye
911
+17
🇧🇷 Khmer · Brazil
1007
-20
🇫🇷 Persians · France
866
-13
X-ALADDIN-X THE LIONHEART
1:48 Loom
9:13 Feudal Age
14:11 Castle Age
12:05 Double-Bit Axe
12:28 Horse Collar
13:04 Forging
14:01 Stone Mining
17:24 Bow Saw
18:37 Wheelbarrow
18:00 Fletching
18:32 Gold Mining
22:30 Imperial Age
23:04 Padded Archer Armor
24:55 Bodkin Arrow
26:54 Heavy Plow
27:21 Man-at-Arms
28:59 Leather Archer Armor
32:10 Hand Cart
32:17 Long Swordsman
38:16 Gold Shaft Mining
38:44 Two-Man Saw
38:23 Two-Handed Swordsman
39:03 Squires
39:13 Bracer
40:01 Iron Casting
39:28 Scale Mail Armor
40:53 Champion
41:21 Treadmill Crane
41:32 Heated Shot
42:03 Town Watch
47:01 Blast Furnace
46:17 Chain Mail Armor
47:17 Elite Janissary
48:20 Sipahi
49:04 Heavy Camel Rider
57:11 Scale Barding Armor
57:37 Plate Mail Armor
57:38 Ring Archer Armor
fares_x86
1:22 Loom
7:14 Feudal Age
8:26 Horse Collar
9:09 Double-Bit Axe
15:00 Castle Age
15:10 Wheelbarrow
14:21 Town Watch
16:15 Bow Saw
17:17 Gold Mining
18:40 Hand Cart
23:06 Imperial Age
21:53 Town Patrol
23:14 Fortified Wall
23:17 Masonry
23:10 Pikeman
23:51 Squires
26:08 Two-Man Saw
25:40 Fletching
25:51 Padded Archer Armor
26:55 Chemistry
25:49 Guard Tower
25:40 Elite Skirmisher
27:11 Halberdier
27:54 Scale Mail Armor
28:05 Forging
29:23 Heavy Plow
29:07 Imperial Skirmisher
32:33 Keep
32:22 Ballistics
33:18 Bodkin Arrow
33:40 Leather Archer Armor
33:41 Chain Mail Armor
34:05 Crop Rotation
35:39 Iron Casting
35:35 Ring Archer Armor
38:26 Plate Mail Armor
37:56 Bracer
37:24 Man-at-Arms
43:35 Long Swordsman
44:04 Arson
56:39 Bombard Tower
56:17 Murder Holes
gaelb38
0:31 Loom
6:16 Feudal Age
6:39 Horse Collar
6:48 Double-Bit Axe
9:22 Gold Mining
16:05 Castle Age
17:35 Heavy Plow
20:03 Bow Saw
22:29 Town Watch
23:20 Wheelbarrow
25:20 Stone Mining
26:06 Gold Shaft Mining
26:04 Hand Cart
25:50 Town Patrol
26:50 Stone Shaft Mining
30:31 Imperial Age
29:16 Kamandaran
29:21 Fletching
29:32 Padded Archer Armor
29:50 Bloodlines
29:41 Husbandry
29:03 Crossbowman
29:58 Squires
30:08 Thumb Ring
31:03 Leather Archer Armor
30:44 Bodkin Arrow
31:12 Conscription
31:14 Ballistics
32:07 Two-Man Saw
32:15 Crop Rotation
32:39 Ring Archer Armor
32:16 Scale Barding Armor
32:48 Forging
32:51 Masonry
33:10 Citadels
32:26 Heavy Camel Rider
34:21 Architecture
35:11 Chain Barding Armor
36:08 Arson
37:45 Plate Barding Armor
37:47 Iron Casting
37:52 Hoardings
37:34 Murder Holes
38:40 Chemistry
37:26 Elite War Elephant
40:52 Blast Furnace
39:22 Cavalier
41:11 Devotion
44:03 Savar
ERJ1919
0:39 Loom
7:41 Feudal Age
9:07 Double-Bit Axe
9:04 Horse Collar
12:53 Castle Age
11:11 Gold Mining
12:05 Stone Mining
13:55 Wheelbarrow
13:08 Town Watch
16:54 Bow Saw
16:42 Town Watch
17:19 Heavy Plow
18:06 Gold Shaft Mining
18:41 Stone Shaft Mining
21:54 Tusk Swords
26:52 Elite Skirmisher
30:40 Fortified Wall
33:03 Husbandry
39:06 Hand Cart
38:51 Town Patrol
39:22 Ballistics
44:10 Imperial Age
42:25 Bloodlines
46:28 Chemistry
45:42 Double Crossbow
48:47 Heavy Scorpion
Connection lost

Rejoining the realm…

Still unreachable

The connection could not be restored.

Session expired

The server has moved on; the page needs a fresh start.